 Dungeon Crawl Stone Soup version 0.27.1-33-g824d729ab1 (webtiles) character file.

Game seed: 2240151926793433627

171 Atelerd the Digger (level 5, 0/31 HPs)
             Began as an Octopode Earth Elementalist on Dec 16, 2021.
             Slain by a gnoll (8 damage)
             ... on level 4 of the Dungeon.
             The game lasted 00:03:51 (4717 turns).

Atelerd the Digger (Octopode Earth Elementalist)    Turns: 4717, Time: 00:03:51

Health: 0/31       AC:  1    Str:  7    XL:     5   Next: 51%
Magic:  10/10      EV: 13    Int: 19    God:
Gold:   164        SH:  0    Dex: 12    Spells: 10/11 levels left

rFire    . . .     SeeInvis .   f - +2 short sword (venom)
rCold    . . .     Faith    .   (no shield)
rNeg     . . .     Spirit   .   (helmet restricted)
rPois    .         Reflect  .   (no amulet)
rElec    .         Harm     .   (no ring)
rCorr    .         Rampage  .   (no ring)
Will     .....                  (no ring)
Stlth    +++.......             (no ring)
HPRegen  0.10/turn              (no ring)
MPRegen  0.12/turn              (no ring)
                                (no ring)
                                (no ring)

@: no status effects
A: almost no armour, amphibious, 8 rings, camouflage 1, gelatinous body 1,
(nimble swimmer 1), tentacles
a: no special abilities


You were on level 4 of the Dungeon.
You visited 1 branch of the dungeon, and saw 4 of its levels.

You collected 164 gold pieces.

Inventory:

Hand Weapons
 a - a +0 dagger
 f - a +2 short sword of venom (weapon)
Missiles
 b - 205 stones
Wands
 n - a wand of paralysis (6)
Scrolls
 c - 3 scrolls of teleportation {unknown}
 d - a scroll of torment {unknown}
 g - a scroll of blinking {unknown}
 k - a scroll of brand weapon {unknown}
 m - 4 scrolls of identify {unknown}
Potions
 e - a potion of attraction {unknown}
 h - 2 potions of resistance {unknown}
 i - a potion of mutation {unknown}
 j - 2 potions of might {unknown}
 l - a potion of brilliance {unknown}


   Skills:
 - Level 2.0 Dodging
 + Level 3.6 Stealth
 + Level 3.5 Spellcasting
 - Level 2.0 Transmutations
 + Level 4.3 Earth Magic


You had 10 spell levels left.
You knew the following spells:

 Your Spells              Type           Power      Damage    Failure   Level
a - Sandblast             Erth           38%        2d10      2%          1

Your spell library contained the following spells:

 Spells                   Type           Power      Damage    Failure   Level
 Passwall                 Tmut/Erth      12%        N/A       6%          2
 Stone Arrow              Conj/Erth      22%        3d8       19%         3
 Petrify                  Tmut/Erth      15%        N/A       36%         4


Dungeon Overview and Level Annotations

Branches:
Dungeon (4/15)
 Temple: D:4-7

Altars:

Shops:
D:4 *


Innate Abilities, Weirdness & Mutations

You cannot wear most types of armour.
You are amphibious.
You can wear up to eight rings at the same time.
Your skin changes colour to match your surroundings (Stealth+).
Your rubbery body absorbs attacks. (AC +1, EV +1)
((You are camouflaged near water. (Stealth+)))
You have tentacles for arms and can constrict up to eight enemies at once.


Message History

There is a stone staircase leading up here.
Found a stone staircase leading down.
No target in view!
Key pressed, stopping explore.
No target in view!
No target in view!
Found a robe.
No target in view!
Key pressed, stopping explore.
No target in view!
Found 19 gold pieces.
No target in view!
You now have 164 gold pieces (gained 19).
Key pressed, stopping explore.
No target in view!
Found a steaming scale mail.
No target in view!
No target in view!
You see here the +6 scale mail "Lownan" {rPois rC+ rN+ Regen+}.
You see here a +0 club.
Found 16 bolts.
No target in view!
You see here 16 bolts. 3 gnolls come into view.
The gnoll shouts!
A gnoll shaman comes into view. It is wielding a +0 whip.
There are monsters nearby!
There are monsters nearby!
There are monsters nearby!
The gnoll shaman shouts!
The gnoll shouts! x2
You hit the gnoll. You grab the gnoll.
You squeeze the gnoll, but do no damage.
The gnoll is moderately wounded.
You constrict the gnoll. The gnoll hits you with a +0 halberd!
The gnoll hits you with a +0 spear!
* * * LOW HITPOINT WARNING * * *
You release your grip on the gnoll.
The gnoll barely misses you.
The gnoll shaman calls upon its god to speed up the gnoll.
The gnoll seems to speed up.
The gnoll hits you with a +0 spear!
You die...

# #### #.###..#
###...g..################
...g.g..@................
###.###g.################
.....# #.###..# #..# #..#
### #..# #.. ...# #.#
#######.#


You could see a gnoll shaman and 3 gnolls.

Vanquished Creatures
  6 adders
  An ufetubus (D:4)
  4 dart slugs
  2 orcs (D:3)
  7 endoplasms
  3 giant cockroaches
  11 goblins
  9 hobgoblins
  11 jackals
  8 kobolds
  4 quokkas
  9 ball pythons
  5 bats
  4 frilled lizards
  9 rats
93 creatures vanquished.

Notes
Turn   | Place    | Note
-------+----------+-------------------------------------------
     0 | D:1      | Atelerd the Octopode Earth Elementalist began the quest for
                  | the Orb.
     0 | D:1      | Reached XP level 1. HP: 11/11 MP: 3/3
   159 | D:1      | Reached XP level 2. HP: 12/17 MP: 5/5
   974 | D:1      | Found a faded altar of an unknown god.
  1102 | D:1      | Reached XP level 3. HP: 18/21 MP: 6/6
  2494 | D:2      | Reached XP level 4. HP: 12/27 MP: 5/8
  3282 | D:2      | Reached skill level 4 in Earth Magic
  3522 | D:3      | Reached XP level 5. HP: 31/31 MP: 9/9
  4346 | D:4      | Found Bohynoag's General Store.
  4598 | D:4      | Identified the +6 scale mail "Lownan" {rPois rC+ rN+
                  | Regen+}
  4717 | D:4      | Slain by a gnoll

Illustrated notes

Levels and vault maps discovered:
D:1:      dpeg_arrival_morbid_curiosity, layout_basic, basic_ecumenical_altar
D:2:      minmay_wonky_spiral, layout_basic, kennysheep_generic_room_11
D:3:      layout_loops_ring
D:4:      layout_basic, hangedman_ru_absence, serial_shops,
          nicolae_shop_behind_doors, minmay_misc_feat_nine_boxes, uniq_pikel

Skill      XL: |  1  2  3  4 |
---------------+-------------+-----
Transmutations | 2 |  2.0
Spellcasting   | 3 |  3.5
Earth Magic    | 4 |  4.3
Stealth        | 3 |  3.6
Dodging        | |  2.0

Action                   |  1- 3 |  4- 6 || total
-------------------------+-------+-------++-------
Melee: Unarmed           |    31 |       ||    31
       Constrict         |    22 |    20 ||    42
       Tentacles         |    13 |     8 ||    21
       Dagger            |    61 |       ||    61
       Short sword       |     2 |    73 ||    75
 Cast: Sandblast         |    23 |    10 ||    33
 Stab: Sleeping          |     9 |    12 ||    21
       Distracted        |       |     1 ||     1
Armor: Skin              |    11 |     5 ||    16
Dodge: Dodged            |    69 |    48 ||   117
